 Dungeon Crawl Stone Soup version 0.30-a0-52-g86a8295270 (webtiles) character file.

Game seed: 14332148463738227240

452 frimble the Trooper (level 6, 0/75 HPs)
             Began as a Demonspawn Cinder Acolyte on Sept 6, 2022.
             Was a High Priest of Ignis.
             Slain by a hound (4 damage)
             ... on level 5 of the Dungeon.
             The game lasted 00:06:01 (4148 turns).

frimble the Trooper (Demonspawn Cinder Acolyte)     Turns: 4148, Time: 00:06:01

Health: 0/75       AC:  5    Str: 13 (15) XL:     6   Next: 75%
Magic:  1/9        EV: 11    Int: 12 (15) God:    Ignis [*****.]
Gold:   165        SH:  0    Dex:  9 (10) Spells: 6/9 levels left

rFire   + . .      SeeInvis .      - Unarmed
rCold   . . .      Faith    .    (no shield)
rNeg    . . .      Spirit   .    a - +0 robe
rPois   .          Reflect  .    k - +0 helmet
rElec   .          Harm     .    (no cloak)
rCorr   .          Rampage  .    f - +0 pair of gloves
Will    .....                    (no boots)
Stlth   ..........               n - amulet of regeneration
HPRegen 1.02/turn                (no ring)
MPRegen 0.11/turn                (no ring)

@: berserking, lethally poisoned (0 -> 0), flying, very quick
A: sharp scales 1, demonic magic 2
a: Renounce Religion, Fiery Armour, Foxfire Swarm, Rising Flame


You were on level 5 of the Dungeon.
You worshipped Ignis.
Ignis was extremely pleased with you.
You visited 1 branch of the dungeon, and saw 5 of its levels.

You collected 165 gold pieces.

Inventory:

Missiles
 g - 5 silver javelins
Armour
 a - a +0 robe (worn)
 f - a +0 pair of gloves (worn)
 k - a +0 helmet (worn)
Jewellery
 e - an amulet of reflection
 m - a ring of ice
 n - an amulet of regeneration (around neck)
Scrolls
 c - 2 scrolls of vulnerability
 l - a scroll of enchant weapon
Potions
 b - a potion of lignification


   Skills:
 + Level 4.8 Fighting
 + Level 4.4 Unarmed Combat
 - Level 2.0 Spellcasting
 + Level 4.5 Fire Magic


You had 6 spell levels left.
You knew the following spells:

 Your Spells              Type           Power      Damage    Failure   Level
a - Scorch                Fire           24%        2d6       6%          2
b - Apportation           Tloc           2%         N/A       26%         1

Your spell library contained the following spells:

 Spells                   Type           Power      Damage    Failure   Level
 Necrotise                Necr           4%         1d4       26%         1
 Sandblast                Erth           2%         2d4       26%         1
 Passwall                 Tmut/Erth      0%         N/A       38%         2
 Stone Arrow              Conj/Erth      2%         3d7       63%         3
 Vampiric Draining        Necr           1%         2d6       63%         3
 Agony                    Necr           1%         N/A       100%        5
 Alistair's Intoxication  Tmut/Pois      0%         N/A       100%        5


Dungeon Overview and Level Annotations

Branches:
Dungeon (5/15)
 Temple: D:4-7

Altars:
Gozag

Annotations:
D:4 Edmund


Innate Abilities, Weirdness & Mutations

You are partially covered in razor-sharp scales. (AC +1, Slay +1)
Spells you cast may paralyse nearby enemies.


Message History

The howler monkey suddenly stops moving!
An orc priest comes into view. It is wielding a +0 club.
An orc comes into view. It is wielding a +0 morningstar.
It was a potion of degeneration.
There was something very wrong with that liquid.
You feel weakened.
You feel dopey.
You feel clumsy. The adder bites you but does no damage.
The orc priest looks encouraged for a moment.
The adder bites you.
* * * LOW HITPOINT WARNING * * *
You are poisoned.
The adder poisons you!
It was a potion of flight.
You feel very buoyant.
You fly up into the air.
You feel sick.
The howler monkey is no longer paralysed.
The hound misses you.
The howler monkey hits you but does no damage.
A gnoll comes into view. It is wielding a +0 whip.
A shadow imp comes into view.
The adder misses you. The hound misses you. The howler monkey misses you.
Okay, then.
Unknown command.
You aren't carrying any items that you can evoke.
Okay, then.
Unknown command.
A red film seems to cover your vision as you go berserk!
You feel yourself moving faster!
You feel mighty!
You feel sick. The adder bites you but does no damage.
The hound closely misses you. The howler monkey hits you.
* * * LOW HITPOINT WARNING * * *
You closely miss the howler monkey.
The howler monkey is almost dead.
The hound bites you but does no damage. The adder barely misses you.
You punch the hound!
The hound is almost dead.
You feel sick.
The howler monkey hoots and howls with incredible vigour!
The hound bites you.
You die...

.............#
.............##
...............
...............
............)..
...............
..5o(.hh.......
....o.S@.......
...............
..g............
...............
...............
......##.......
####.. .#.....
##. .......


You could see a howler monkey (catching breath), a hound, an orc priest, a
gnoll, an adder, a shadow imp and an orc.

Vanquished Creatures
  Sigmund (D:2)
  A necrophage (D:4)
  A hound (D:5)
  2 orc priests
  3 gnolls (D:3)
  4 adders
  A worm (D:2)
  A dart slug (D:1)
  12 orcs
  4 ball pythons
  9 bats
  7 endoplasms
  4 giant cockroaches
  9 goblins
  2 hobgoblins
  A jackal (D:5)
  5 kobolds
  6 quokkas
  4 rats
77 creatures vanquished.

Notes
Turn   | Place    | Note
-------+----------+-------------------------------------------
     0 | D:1      | frimble the Demonspawn Cinder Acolyte began the quest for
                  | the Orb.
     0 | D:1      | Reached XP level 1. HP: 18/18 MP: 2/2
   209 | D:1      | Gained mutation: Spells you cast may paralyse adjacent
                  | enemies. [demonic ancestry]
   209 | D:1      | Reached XP level 2. HP: 24/24 MP: 3/3
   212 | D:1      | Learned a level 2 spell: Scorch
  1048 | D:2      | Reached XP level 3. HP: 21/29 MP: 0/5
  1360 | D:2      | Noticed Sigmund
  1423 | D:2      | Found a faded altar of an unknown god.
  2396 | D:2      | Killed Sigmund
  2397 | D:2      | Gained mutation: You are partially covered in razor-sharp
                  | scales. (AC +1, Slay +1) [demonic ancestry]
  2397 | D:2      | Reached XP level 4. HP: 29/37 MP: 0/7
  2397 | D:2      | Gained mutation: Spells you cast may paralyse nearby
                  | enemies. [demonic ancestry]
  2397 | D:2      | Reached XP level 5. HP: 33/42 MP: 0/8
  2906 | D:3      | Reached XP level 6. HP: 18/49 MP: 3/9
  3513 | D:4      | Learned a level 1 spell: Apportation
  3533 | D:4      | Noticed Edmund
  3726 | D:3      | You fall into a shaft and drop 1 floor!
  3737 | D:4      | Found an opulent altar of Gozag.
  4118 | D:4      | HP: 2/49 [Edmund/+3 vorpal flail (2)]
  4131 | D:5      | Entered Level 5 of the Dungeon
  4148 | D:5      | Slain by a hound

Illustrated notes

Levels and vault maps discovered:
D:1:      dpeg_arrival_renting, layout_basic
D:2:      layout_loops_ring, hellmonk_ecumenical_altar_arch_garden, st_stairs_1,
          uniq_sigmund
D:3:      minmay_bubble_buster, layout_basic
D:4:      layout_rooms, grunt_gozag_breadcrumbs, serial_glass, glass_columns_b,
          glass_columns_a, uniq_edmund
D:5:      layout_rooms, minitemple, mainiacjoe_overflow_swirl,
          gammafunk_ghost_gnarly_gnolls, solitary_fountain, uniq_eustachio

Skill      XL: |  1  2  3  4  5 |
---------------+----------------+-----
Unarmed Combat | 3 4 |  4.4
Fire Magic     | 3 4 |  4.5
Fighting       | 4 |  4.8
Spellcasting   | 2 |  2.0

Action                   |  1- 3 |  4- 6 || total
-------------------------+-------+-------++-------
Melee: Unarmed           |   101 |   135 ||   236
       Punch             |     2 |     8 ||    10
 Cast: Scorch            |    17 |    23 ||    40
  Use: Potion            |     2 |     3 ||     5
       Scroll            |       |    11 ||    11
 Stab: Paralysed         |    13 |    25 ||    38
Armor: Robe              |    34 |    37 ||    71
Dodge: Dodged            |    69 |    60 ||   129
Block: Other             |     8 |    31 ||    39

Table legend: (Time is in decaauts)
 A = Elapsed time spent in this place.
 B = Non-inter-level travel time spent in this place.
 C = Inter-level travel time spent in this place.
 D = Time resting spent in this place.
 E = Time spent auto-exploring this place.
 F = Levels seen in this place.
 G = Mean time per level.
                   A        B        C        D        E       F      G
               +--------+--------+--------+--------+--------+-----+--------+
         Total |   4131 |   4006 |    125 |      0 |   3394 |   5 |  826.2 |
       Dungeon |   4131 |   4006 |    125 |      0 |   3394 |   5 |  826.2 |
               +--------+--------+--------+--------+--------+-----+--------+

Top non-repeatable levels by time:
     D:2: 1459 daAuts
     D:3: 1184 daAuts
     D:1: 1035 daAuts
     D:4: 436 daAuts
     D:5: 15 daAuts
